 Dungeon Crawl Stone Soup version 0.30-a0-1094-g860fb061e7 (webtiles) character file.

Game seed: 14439632917615339516

97087 ders the Eclecticist (level 16, -4/109 HPs)
             Began as a Djinni Conjurer on Apr 17, 2023.
             Was a High Priest of Ashenzari.
             Slain by a goliath frog (5 damage)
             ... on level 2 of the Swamp.
             The game lasted 00:39:27 (27279 turns).

ders the Eclecticist (Djinni Conjurer)             Turns: 27279, Time: 00:39:27

Health: -4/109     AC: 14    Str:  6    XL:     16   Next: 68%
Gold:   1901       EV: 16    Int: 27    God:    Ashenzari [*****.] SH:  5 Dex: 13

rFire   + + +      SeeInvis +    n - +2 quarterstaff of Supernal Knowledge {chaos, Self, Evo} (curse)
rCold   x . .      Faith    .    (shield currently unavailable)
rNeg    . . .      Spirit   .    T - +2 ring mail {rF+}
rPois   ∞          Reflect  +    r - +0 helmet "Behold Eternity" {Self, Cun} (curse)
rElec   .          Rampage  .    m - +1 cloak of Ashenzari's Seeker {Range, Self} (curse)
rCorr   .          Clarity  +    z - +2 pair of gloves of Ashenzari's Pleiades {Range, Self} (curse)
Will    +....                    (boots unavailable)
Stlth   +++                      L - amulet of Ashenzari's Adversity {Reflect SH+5, Cun, Self} (curse)
HPRegen 0.38/turn                d - ring of Cremastomancy {EV+5, Fort, Self} (curse)
MPRegen 0.00/turn                p - ring "Cryptic Idealism" {AC+4, Self, Cun} (curse)

@: corroded, flying
A: sickness immunity, fire resistance 2, cold vulnerability 1, float, innate
caster, HP casting, extra vitality 1
a: Renounce Religion, Curse Item, Shatter the Chains


You were on level 2 of the Swamp.
You worshipped Ashenzari.
Ashenzari was extremely pleased with you.
You visited 5 branches of the dungeon, and saw 22 of its levels.
You also visited: Ossuary, Ice Cave and Volcano.

You collected 2623 gold pieces.
You spent 722 gold pieces at shops.

Inventory:

Hand Weapons
 b - a +0 whip
 n - the cursed +2 quarterstaff of Supernal Knowledge (weapon) {chaos, Self, Evo}
   (You took it off Crazy Yiuf on level 2 of the Dungeon)

   It has a curse which improves the following skills: Introspection: Fighting
   and Spellcasting.
   Evocations: Evocations.
Armour
 a - a +0 robe
 m - the cursed +1 cloak of Ashenzari's Seeker (worn) {Range, Self}
   (You took it off Crazy Yiuf on level 2 of the Dungeon)

   It has a curse which improves the following skills: Ranged Combat: Ranged
   Weapons and Throwing.
   Introspection: Fighting and Spellcasting.
 r - the cursed +0 helmet "Behold Eternity" (worn) {Self, Cun}
   (You found it on level 3 of the Dungeon)

   It has a curse which improves the following skills: Introspection: Fighting
   and Spellcasting.
   Cunning:   Dodging and Stealth.
 u - a +2 leather armour of willpower
 z - the cursed +2 pair of gloves of Ashenzari's Pleiades (worn) {Range, Self}
   (You found it on level 5 of the Dungeon)

   It has a curse which improves the following skills: Ranged Combat: Ranged
   Weapons and Throwing.
   Introspection: Fighting and Spellcasting.
 T - a +2 ring mail of fire resistance (worn)
Magical Staves
 R - a staff of air
Jewellery
 d - the cursed ring of Cremastomancy (left hand) {EV+5, Fort, Self}
   (You found it on level 7 of the Dungeon)

   [ring of evasion]

   EV:        It affects your evasion (+5).
   It has a curse which improves the following skills: Fortitude: Armour and
   Shields.
   Introspection: Fighting and Spellcasting.
 p - the cursed ring "Cryptic Idealism" (right hand) {AC+4, Self, Cun}
   (You found it on level 3 of the Dungeon)

   [ring of protection]

   AC:        It affects your AC (+4).
   It has a curse which improves the following skills: Introspection: Fighting
   and Spellcasting.
   Cunning:   Dodging and Stealth.
 q - a +5 ring of evasion
 y - a ring of see invisible
 H - a +6 ring of strength
 L - the cursed amulet of Ashenzari's Adversity (around neck) {Reflect SH+5, Cun, Self}
   (You acquired it on level 9 of the Dungeon)

   [amulet of reflection]

   It reflects blocked missile attacks.
   SH:        It affects your SH (+5).
   It has a curse which improves the following skills: Cunning: Dodging and
   Stealth.
   Introspection: Fighting and Spellcasting.
Wands
 g - a wand of light (12)
 s - a wand of polymorph (6)
 x - a wand of paralysis (36)
 J - a wand of flame (16)
 M - a wand of roots (11)
 O - a wand of mindburst (8)
Scrolls
 i - 4 scrolls of poison
 j - 2 scrolls of vulnerability
 l - 4 scrolls of butterflies
 t - 2 scrolls of torment
 v - a scroll of immolation
 B - 9 scrolls of teleportation
 C - 6 scrolls of fog
 E - 9 scrolls of identify
 G - 3 scrolls of fear
 N - 2 scrolls of magic mapping
 Q - a scroll of enchant weapon
 S - 4 scrolls of blinking
Potions
 c - 2 potions of flight
 e - 4 potions of haste
 f - 12 potions of curing
 h - 4 potions of magic
 k - 6 potions of might
 o - a potion of berserk rage
 w - 4 potions of cancellation
 A - 9 potions of heal wounds
 D - 4 potions of mutation
 F - 2 potions of lignification
 I - 2 potions of brilliance
 K - 2 potions of degeneration
 P - a potion of resistance


   Skills:
 - Level 2.7(8.3) Fighting
 - Level 2.7(4.5) Armour
 - Level 3.9(7.6) Dodging
 - Level 3.1(6.6) Stealth
 + Level 20.4(27) Spellcasting


You knew the following spells:

 Your Spells              Type           Power      Damage    Failure   Level
a - Magic Dart            Conj           100%       1d8       0%          1
b - Scorch                Fire           100%       2d9       0%          2
c - Dazzling Flash        Conj/Hex       100%       N/A       0%          3
d - Fulminant Prism       Conj/Hex       55%        3d24      0%          4
e - Iskenderun's Mystic   Conj/Tloc      100%       2d19      0%          4
f - Sting                 Tmut/Pois      100%       1d8       0%          1
g - Searing Ray           Conj           100%       2d8       0%          2
h - Momentum Strike       Conj/Tloc      100%       3d10      0%          2
i - Summon Lightning Spi  Summ/Air       100%       N/A       0%          4
j - Dispel Undead         Necr           100%       3d31      0%          4
k - Metabolic Englaciati  Hex/Ice        55%        N/A       0%          5
l - Death Channel         Necr           55%        N/A       0%          6
Your spell library was empty.

Dungeon Overview and Level Annotations

Branches:
Dungeon (12/15)            Temple (1/1) D:5            Lair (5/5) D:9
  Swamp (2/4) Lair:2       Spider (0/4) Lair:2        Slime (0/5) Lair:5
    Orc (2/2) D:9             Elf (0/3) Orc:2       Ossuary (visited)
  IceCv (visited)         Volcano (visited)

Altars:
Ashenzari
Cheibriados
Dithmenos
Elyvilon
Fedhas
Gozag
Hepliaklqana
Makhleb
Nemelex Xobeh
Okawaru
Qazlal
Ru
Trog
Uskayaw
Wu Jian
Xom
Yredelemnul
Zin
The Shining One
Jiyva

Shops:
D:1 !   D:10 ?   Orc:2 ((*?(

Annotations:
D:9 1 runed translucent door


Innate Abilities, Weirdness & Mutations

You are immune to sickness and miasma.
You are immune to poison.
Your flesh is very heat resistant. (rF++)
You are vulnerable to cold. (rC-)
You float through the air rather than walking.
You learn spells naturally, not from books.
Your magical power is your life essence.
You have superior vitality. (+4 MHP)


Message History

The alligator is knocked back by the mystic blast.
The mystic blast hits the hog!!
You kill the hog!
No longer under Kirke's spell, the hog returns to its human form!
The swamp worm fires a harpoon shot at you.
The harpoon shot misses you.
Casting: Iskenderun's Mystic Blast (safe; 0% risk of failure)
Confirm with . or Enter, or press ? or * to list all spells.
Casting: Metabolic Englaciation (safe; 0% risk of failure)
Press: ? - help, Dir - look around, f - activate You radiate an aura of cold.
The alligator seems to slow down.
The swamp drake seems to slow down.
The swamp worm seems to slow down.
Casting: Metabolic Englaciation (safe; 0% risk of failure)
Confirm with . or Enter, or press ? or * to list all spells.
You erupt in a blast of force!
The mystic blast hits the alligator!!
The alligator is almost dead.
The alligator is knocked back by the mystic blast.
The alligator slams into the mangrove!
You kill the alligator!
The mystic blast hits the swamp drake.
The swamp drake is moderately wounded.
The swamp drake is knocked back by the mystic blast.
Casting: Iskenderun's Mystic Blast (safe; 0% risk of failure)
Confirm with . or Enter, or press ? or * to list all spells.
Flames lash the swamp drake.
The swamp drake is heavily wounded.
The swamp drake's fire resistance burns away.
The swamp worm fires a harpoon shot at you.
The harpoon shot hits you!
* * * LOW HITPOINT WARNING * * *
You are yanked forward by the harpoon shot.
A goliath frog comes into view.
The goliath frog hits you from afar!
* * * LOW HITPOINT WARNING * * *
The acid corrodes you!
You are splashed with acid!
* * * LOW HITPOINT WARNING * * *
The swamp worm bites you!
* * * LOW HITPOINT WARNING * * *
The goliath frog hits you from afar.
You die...

,, * ,,~.~....♣ ~ , ,
* , * * ♣~~.~.♣♣ ..~~~
~ , , * ♣..~~~~♣~.~ ~
* ♣.k~~..♣..~~~ ~ ** ,
~,** ♣~~†.~~..~~ ~ ,
,, ♣♣♣♣.†♣.~..~~ ~ ~*
,, , * *♣§..<††.♣..{
~~, ~ , ~ * ~
∆♣...†♣..♣ . ~ , , , ~
~ ♣♣...@.†♣ ~ , ~ ,,
~~~~.....wF♣, ~ ~ , ,,
~~~~~~~~..~~. ~~~~ ~ *
**..~~~~~~~.....~. ,
,, ,*
,..~~~§~~~....~~~,, ~
, ,
,,÷.#~~~~~....~~~~~~~,
#~§~~~.~♣..~~~ ~ ~ * ,
,,#.....♣♣~~~~~. , *
** ~ ,*,,,, ~ ,,~


You could see a goliath frog, a swamp worm (slow) and a swamp drake (slow,
combustible).

Vanquished Creatures
  A tentacled monstrosity (Swamp:1)
  Kirke (Swamp:2)
  An eleionoma (Swamp:1)
  2 bunyips (Swamp:1)
  2 fire dragons
  The ghost of AwFulAwFulPlayer the Brawler, a journeyman TrCK of Xom (Orc:1)
  4 hydras
  3 boulder beetles
  2 ogre magi (Orc:2)
  2 alligators
  11 two-headed ogres
  Urug (Lair:4)
  2 fire crabs
  Sonja (Lair:4)
  Nergalle (Orc:1)
  4 sun demons (Volcano)
  2 deep trolls (Orc:2)
  2 skysharks (Lair:4)
  A swamp dragon (Swamp:1)
  A lindwurm (Lair:5)
  2 bog bodies (Swamp:1)
  Pikel (D:5)
  2 orc sorcerers (Orc:2)
  A necromancer (Lair:5)
  2 will-o-the-wisps (Swamp:1)
  2 cyclopes (Orc:2)
  15 elephants
  4 black mambas
  3 molten gargoyles (Lair:5)
  A smoke demon (Volcano)
  12 cane toads
  2 unseen horrors
  2 gargoyles (D:10)
  6 komodo dragons
  12 trolls
  A bloated husk (Swamp:1)
  2 polar bears
  9 blink frogs
  A wraith (D:12)
  A vampire (D:11)
  2 wyverns (Lair:5)
  41 yaks
  5 hogs (Swamp:2)
  5 basilisks
  9 steam dragons
  10 vampire mosquitoes
  6 swamp worms
  An acid dragon (D:12)
  A warg (Orc:2)
  6 hell hounds
  12 water moccasins
  A swamp drake (Swamp:1)
  A sky beast (D:7)
  6 orc warriors
  A black bear (D:9)
  24 ogres
  9 wolves
  3 centaurs
  4 lemures (D:5)
  A phantom (D:6)
  3 kobold brigands
  15 bullfrogs
  2 gnoll sergeants (D:6)
  8 scorpions
  5 wights (D:9)
  42 killer bees
  6 howler monkeys
  7 lava snakes
  4 crimson imps
  A human zombie (Ossuary)
  9 jellies
  Crazy Yiuf (D:2)
  5 orc priests
  A gnoll bouda (D:7)
  3 hounds (D:7)
  A sleepcap (D:5)
  Terence (D:2)
  Ijyb (D:3)
  13 orc wizards
  3 polar bear simulacra
  4 yak simulacra (Lair:5)
  6 wolf simulacra
  2 mummies (Ossuary)
  Robin (D:3)
  19 gnolls
  5 adders
  A white imp (D:7)
  2 ufetubi
  A worm (D:3)
  2 dart slugs
  39 orcs
  3 bats
  4 endoplasms
  3 giant cockroaches (D:9)
  3 gnoll zombies (Ossuary)
  7 hobgoblins
  3 jackals (D:1)
  4 quokkas
  5 ball pythons
  2 frilled lizards
  14 goblins
  4 goblin zombies (Ossuary)
  4 hobgoblin zombies (Ossuary)
  23 kobolds
  2 orc zombies (Ossuary)
  3 rats (D:2)
  A river rat simulacrum (Lair:5)
  2 butterflies (D:9)
  A fulminant prism (D:6)
575 creatures vanquished.

Vanquished Creatures (others)
  A spriggan (Swamp:1)
  2 bloated husks
  A hornet (Swamp:1)
  A hog (Swamp:2)
  2 gnolls (D:6)
  4 foxfires (Swamp:1)
  201 fulminant prisms
  58 fungi
  81 plants
351 creatures vanquished.

Grand Total: 926 creatures vanquished

Notes
Turn   | Place    | Note
-------+----------+-------------------------------------------
     0 | D:1      | ders the Djinni Conjurer began the quest for the Orb.
     0 | D:1      | ders set off with the following spells memorised: Magic
                  | Dart, Searing Ray, Dazzling Flash, Fulminant Prism,
                  | Iskenderun's Mystic Blast.
     0 | D:1      | Reached XP level 1. HP: 15/15 MP: 0/0
   136 | D:1      | Reached XP level 2. HP: 20/21 MP: 0/0
   480 | D:1      | Found Buerut Setun's Distillery.
   482 | D:1      | Bought a potion of heal wounds for 50 gold pieces
   825 | D:2      | Reached XP level 3. HP: 21/25 MP: 0/0
   825 | D:2      | Learned a level 1 spell: Sting
   874 | D:2      | Found a runed translucent door.
   875 | D:2      | Noticed Crazy Yiuf
   929 | D:2      | Reached skill level 4 in Spellcasting
  1361 | D:2      | Noticed Terence
  1371 | D:2      | Killed Terence
  1372 | D:2      | Reached XP level 4. HP: 24/31 MP: 0/0
  1844 | D:2      | Killed Crazy Yiuf
  1845 | D:2      | Reached XP level 5. HP: 12/35 MP: 0/0
  1845 | D:2      | Learned a level 2 spell: Scorch
  2067 | D:3      | Noticed Robin
  2440 | D:3      | Killed Robin
  2443 | D:3      | Reached skill level 5 in Spellcasting
  2944 | D:3      | Noticed Ijyb
  2952 | D:3      | Killed Ijyb
  3316 | D:4      | Reached XP level 6. HP: 29/40 MP: 0/0
  3891 | D:5      | Entered Level 5 of the Dungeon
  3976 | D:5      | Found a glowing golden altar of the Shining One.
  4099 | D:5      | Reached skill level 6 in Spellcasting
  4099 | D:5      | Reached XP level 7. HP: 32/45 MP: 0/0
  4099 | D:5      | Learned a level 2 spell: Momentum Strike
  4381 | D:5      | Found a shimmering altar of Xom.
  4779 | D:5      | Noticed Pikel
  4832 | D:5      | Killed Pikel
  4833 | D:5      | Reached skill level 7 in Spellcasting
  4833 | D:5      | Reached XP level 8. HP: 15/50 MP: 0/0
  5029 | D:5      | Found a staircase to the Ecumenical Temple.
  5048 | Temple   | Entered the Ecumenical Temple
  5065 | Temple   | Became a worshipper of Ashenzari the Shackled
  5099 | D:6      | Reached skill level 8 in Spellcasting
  5437 | D:6      | Reached XP level 9. HP: 26/55 MP: 0/0
  5437 | D:6      | Learned a level 4 spell: Summon Lightning Spire
  5697 | D:6      | Found an ornate altar of the Wu Jian Council.
  5889 | D:7      | Reached skill level 9 in Spellcasting
  6006 | D:7      | Found a sand-covered staircase.
  6017 | Ossuary  | Entered an ossuary
  6941 | D:7      | Reached skill level 10 in Spellcasting
  7572 | D:8      | Reached XP level 10. HP: 50/60 MP: 0/0
  7623 | D:8      | Reached skill level 11 in Spellcasting
  7688 | D:8      | Found a stormy altar of Qazlal.
  7807 | D:8      | Noticed a two-headed ogre
  7827 | D:8      | Killed a two-headed ogre
  7970 | D:8      | Reached skill level 12 in Spellcasting
  8169 | D:8      | Reached * piety under Ashenzari
  8388 | D:9      | Reached XP level 11. HP: 54/65 MP: 0/0
  8388 | D:9      | Learned a level 4 spell: Dispel Undead
  8641 | D:9      | Found a staircase to the Lair.
  8708 | D:9      | Reached skill level 13 in Spellcasting
  8752 | D:9      | Found a runed translucent door.
  8754 | D:9      | Found a runed translucent door.
  8816 | D:9      | Found a staircase to the Orcish Mines.
  8996 | D:9      | Identified the +5 long sword "Ilo Alij" {chaos, rC- Str+7}
  9465 | Lair:1   | Entered Level 1 of the Lair of Beasts
  9467 | Lair:1   | Identified a scroll of acquirement
  9469 | Lair:1   | Noticed an elephant
  9469 | Lair:1   | Noticed an elephant
  9470 | Lair:1   | Noticed an elephant
  9472 | Lair:1   | Noticed an elephant
  9472 | Lair:1   | Noticed an elephant
  9477 | Lair:1   | Killed an elephant
  9480 | Lair:1   | Killed an elephant
  9482 | Lair:1   | Killed an elephant
  9485 | Lair:1   | Killed an elephant
  9485 | Lair:1   | Killed an elephant
 10043 | D:9      | Acquired an amulet of reflection
 10054 | Lair:1   | Reached skill level 14 in Spellcasting
 10362 | Lair:1   | Reached XP level 12. HP: 54/70 MP: 0/0
 10970 | Lair:1   | Reached skill level 15 in Spellcasting
 12524 | Lair:2   | Found a hole to the Spider Nest.
 12624 | Lair:2   | Reached ** piety under Ashenzari
 12633 | Lair:2   | Found a staircase to the Swamp.
 12739 | Lair:2   | Identified the Lectures on Clouds and Putrescence
 12889 | Lair:2   | Noticed a five-headed hydra
 12894 | Lair:2   | Killed a five-headed hydra
 13152 | Lair:2   | Reached *** piety under Ashenzari
 13336 | Lair:3   | Reached XP level 13. HP: 48/76 MP: 0/0
 13336 | Lair:3   | Learned a level 5 spell: Metabolic Englaciation
 13459 | Lair:3   | Reached skill level 16 in Spellcasting
 13606 | Lair:3   | Found an ornate altar of the Wu Jian Council.
 13606 | Lair:3   | Found a hide-covered altar of Uskayaw.
 14598 | Lair:4   | Found a frozen archway.
 14632 | IceCv    | Entered an ice cave
 14953 | Lair:4   | Noticed Urug
 14954 | Lair:4   | Noticed Sonja
 14965 | Lair:4   | Paralysed by Urug for 2 turns
 14974 | Lair:4   | Killed Sonja
 14975 | Lair:4   | Reached skill level 17 in Spellcasting
 14977 | Lair:4   | Killed Urug
 16049 | Lair:5   | Entered Level 5 of the Lair of Beasts
 16067 | Lair:5   | Found a viscous altar of Jiyva.
 16068 | Lair:5   | Found a staircase to the Slime Pits.
 16657 | Lair:5   | Noticed an eight-headed hydra
 16672 | Lair:5   | Killed an eight-headed hydra
 16837 | Lair:5   | Noticed a six-headed hydra
 16861 | Lair:5   | Reached XP level 14. HP: 54/81 MP: 0/0
 17267 | Lair:5   | Reached skill level 18 in Spellcasting
 17628 | Lair:5   | Found a large runed translucent door.
 17628 | Lair:5   | Found a large runed translucent door.
 18853 | D:10     | Entered Level 10 of the Dungeon
 19212 | D:10     | Found a hide-covered altar of Uskayaw.
 19307 | D:10     | Found Hoah's Magic Scroll Boutique.
 19532 | D:10     | Bought a scroll of acquirement for 624 gold pieces
 19532 | D:10     | Acquired a staff of air
 19701 | D:10     | Found a bloodstained altar of Trog.
 20097 | D:11     | Found a blossoming altar of Fedhas.
 21628 | Orc:1    | Entered Level 1 of the Orcish Mines
 21726 | Orc:1    | Found a dark tunnel.
 21731 | Volcano  | Entered a volcano
 22125 | Volcano  | Reached skill level 19 in Spellcasting
 22689 | Orc:1    | Noticed Nergalle
 22704 | Orc:1    | Killed Nergalle
 22861 | Orc:1    | Noticed AwFulAwFulPlayer's ghost (journeyman TrCK)
 22865 | Orc:1    | Found a runed translucent door.
 22983 | Orc:1    | Killed AwFulAwFulPlayer's ghost
 23113 | Orc:1    | Reached XP level 15. HP: 98/98 MP: 0/0
 23113 | Orc:1    | Learned a level 6 spell: Death Channel
 23146 | Orc:2    | Entered Level 2 of the Orcish Mines
 23146 | Orc:2    | Found a staircase to the Elven Halls.
 23178 | Orc:2    | Reached XP level 16. HP: 59/103 MP: 0/0
 24415 | Orc:2    | Reached **** piety under Ashenzari
 24486 | Orc:2    | Found Ireywuwu's Antique Weapon Shoppe.
 25111 | Orc:2    | Reached ***** piety under Ashenzari
 25113 | Orc:2    | Found Wofetso's Weapon Boutique.
 25118 | Orc:2    | Found Betoef's Magic Scroll Shop.
 25119 | Orc:2    | Found Owisyj's Antique Weapon Emporium.
 25126 | Orc:2    | Bought a scroll of teleportation for 48 gold pieces
 25129 | Orc:2    | Found Nutaec's General Store.
 25438 | Swamp:1  | Entered Level 1 of the Swamp
 25609 | Swamp:1  | Reached skill level 20 in Spellcasting
 26998 | Swamp:1  | Noticed a tentacled monstrosity
 27033 | Swamp:1  | Killed a tentacled monstrosity
 27259 | Swamp:2  | Noticed Kirke
 27275 | Swamp:2  | Killed Kirke
 27279 | Swamp:2  | HP: 1/109 [swamp worm (8)]
 27279 | Swamp:2  | Slain by a goliath frog

Illustrated notes

Levels and vault maps discovered:
D:1:      lemuel_arrival_funnel, layout_basic, serial_shops,
          nicolae_shop_hallway_stairs, palyth_stone_intersect
D:2:      layout_loops_corners, uniq_crazy_yiuf_cottage, uniq_terence
D:3:      layout_rooms, serial_co_window_serial, co_window_paths_b,
          co_window_corner_a, co_window_paths_a, co_window_paths_a,
          co_window_corner_a, co_window_cross_3, co_window_broadway_c,
          co_window_paths_c, co_window_2corner, co_window_corner_ca,
          co_window_unsneaky_path_d, co_window_paths_e, glass_columns_a,
          glass_columns_a, glass_columns_a, glass_columns_b, glass_columns_a,
          uniq_robin, uniq_ijyb
D:4:      layout_basic, kennysheep_boxes
D:5:      layout_cave_pools, nicolae_overflow_crystal_walls, led_sif_pool,
          led_xom_imps, lemuel_temple_firewalk_b, uniq_pikel
D:6:      layout_rooms, mainiacjoe_overflow_paths
D:7:      layout_layer_cave, nicolae_ossuary_entry_ruins
D:8:      layout_rooms, grunt_qazlal_clouds
D:9:      lemuel_insect_pit, layout_basic, due_lair_maze_entry_diamond,
          orc_0_dummy
D:10:     layout_loops_cross, lemuel_coloured_pillars_altar,
          general_overflow_altar, hangedman_decor_push,
          nicolae_inconvenience_store
D:11:     layout_cave_pods, chequers_serial_rivers_micro_b,
          fedhas_ov_isle_minmay
D:12:     layout_grid_maze, minmay_the_grid_2x2 [minmay_the_grid_spin_star,
          minmay_the_grid_holed_spiral, minmay_the_grid_eight,
          minmay_the_grid_prize_diamond_cup]
Temple:   hellmonk_temple_two_chambers
Lair:1:   wad_woods_minihive, layout_cave_pods, grunt_megastairs_4
Lair:2:   layout_gridlike, swamp_mist, dummy_spider_entry
Lair:3:   layout_misc_corridors, nzn_masters_of_martial_movement,
          lemuel_fruit_tree
Lair:4:   layout_cave_pods, portal_ice_cave_entry_ice_simulacra,
          serial_bayou_lake_a, grunt_megastairs_2, uniq_urug, uniq_sonja
Lair:5:   cheibrodos_lair_end_hotspot, layout_loops_ring, slime_entry_1,
          eino_house_with_fridge
Swamp:1:  cheibrodos_swamp_monstrosity, layout_basic_swamp,
          nicolae_swamp_godswood
Swamp:2:  layout_basic_swamp, serial_swamp_ruin, evilmike_swamp_ruin_house_5,
          evilmike_swamp_ruin_house_2, evilmike_swamp_ruin_rubble_2,
          swamp_pool1, uniq_kirke
Orc:1:    layout_caves, hellmonk_ghost_happy_afterlife, enter_volcano_4,
          uniq_nergalle
Orc:2:    st_orc_open, layout_caves, serial_shops, shop, mines4_lemuel

Skill      XL: |  1  2  3  4  5  6  7  8  9 10 11 12 13 14 15 16 |
---------------+-------------------------------------------------+-----
Spellcasting   | 4 5 6 7 8 10 12 14 15 17 19 20 | 20.4
Fighting       | 2 |  2.7
Armour         | 2 |  2.7
Dodging        | 3 |  3.9
Stealth        | 3 |  3.1

Action                     |  1- 3 |  4- 6 |  7- 9 | 10-12 | 13-15 | 16-18 || total
---------------------------+-------+-------+-------+-------+-------+-------++-------
  Melee: Quarterstaff      |       |     1 |       |     2 |     5 |     7 ||    15
   Cast: Magic Dart        |    56 |    31 |    71 |   119 |    70 |    47 ||   394
         Searing Ray       |     4 |    17 |       |       |       |       ||    21
         Dazzling Flash    |       |     2 |       |       |       |       ||     2
         Scorch            |       |    36 |    45 |    63 |    41 |    30 ||   215
         Fulminant Prism   |       |       |    26 |    32 |   118 |    26 ||   202
         Iskenderun's Myst |       |       |    31 |   106 |   144 |    89 ||   370
         Metabolic Englaci |       |       |       |       |    23 |    12 ||    35
         Death Channel     |       |       |       |       |       |     1 ||     1
 Invoke: Curse Item        |       |       |     1 |     3 |     1 |     2 ||     7
    Use: Potion            |       |     1 |     3 |       |     1 |       ||     5
         Scroll            |       |       |    11 |     1 |     2 |       ||    14
 Armour: Robe              |     2 |    14 |    49 |    28 |     9 |       ||   102
         Leather armour    |       |       |       |       |    16 |       ||    16
         Ring mail         |       |       |       |       |     2 |    35 ||    37
  Dodge: Dodged            |     7 |    32 |    74 |   103 |    84 |    74 ||   374
  Block: Other             |       |       |       |    23 |    20 |    21 ||    64
         Reflection        |       |       |       |       |     2 |     2 ||     4

Table legend: (Time is in decaauts)
 A = Elapsed time spent in this place.
 B = Non-inter-level travel time spent in this place.
 C = Inter-level travel time spent in this place.
 D = Time resting spent in this place.
 E = Time spent auto-exploring this place.
 F = Levels seen in this place.
 G = Mean time per level.
                   A        B        C        D        E       F      G
               +--------+--------+--------+--------+--------+-----+--------+
         Total |  27305 |  26051 |   1254 |   9225 |  13351 |  25 | 1092.2 |
       Dungeon |  12519 |  11875 |    644 |   2434 |   7954 |  12 | 1043.2 |
        Temple |     21 |     13 |      8 |      0 |      9 |   1 |   21.0 |
          Lair |   9518 |   9083 |    435 |   4234 |   3754 |   5 | 1903.6 |
         Swamp |   1216 |   1168 |     48 |    487 |    440 |   2 |  608.0 |
  Orcish Mines |   2971 |   2852 |    119 |   1545 |    922 |   2 | 1485.5 |
       Ossuary |    275 |    275 |      0 |    124 |    103 |   1 |  275.0 |
      Ice Cave |     18 |     18 |      0 |      7 |      0 |   1 |   18.0 |
       Volcano |    762 |    762 |      0 |    394 |    169 |   1 |  762.0 |
               +--------+--------+--------+--------+--------+-----+--------+

Top non-repeatable levels by time:
  Lair:5: 2388 daAuts
  Lair:1: 2280 daAuts
  Lair:4: 2190 daAuts
   Orc:1: 1753 daAuts
  Lair:2: 1706 daAuts
     D:9: 1597 daAuts
     D:7: 1395 daAuts
     D:2: 1287 daAuts
   Orc:2: 1218 daAuts
 Swamp:1: 1196 daAuts
     D:5: 1147 daAuts
     D:3: 1049 daAuts
    D:10: 1048 daAuts
  Lair:3: 952 daAuts
    D:11: 940 daAuts
